 Dungeon Crawl Stone Soup version bcrawl-1.28.1b (webtiles) character file.

Game seed: 13310238429314875912

232775 Adamkad1 the Transmogrifier (level 9, 0/73 HPs)
             Began as a Green Draconian Transmuter on Dec 13, 2020.
             Was a Believer of Sif Muna.
             Slain by a troll (2 damage)
             ... on level 7 of the Dungeon.
             The game lasted 00:18:00 (7698 turns).

Adamkad1 the Transmogrifier (DrTm)                  Turns: 7698, Time: 00:18:01

Health: 0/73       AC:  7    Str: 16    XL:     9   Next: 30%
Magic:  10/17      EV: 14    Int: 13    God:    Sif Muna [**....]
Gold:   293        SH:  0    Dex: 12    Spells: 2/19 levels left

rFire    . . .     SeeInvis .     - Blade hands (24.4)
rCold    . . .     Gourm    .   (shield currently unavailable)
rNeg     . . .     Faith    .   (armour unavailable)
rPois    +         Spirit   .   (helmet restricted)
rElec    .         Reflect  .   (no cloak)
rCorr    +         Harm     .   (gloves currently unavailable)
MR       .....                  (no boots)
Stlth    +.........             (no amulet)
HPRegen  0.22/turn              j - ring of resist corrosion
MPRegen  0.15/turn              (no ring)

@: blade hands, very slightly contaminated
A: breathe noxious fumes, unfitting armour, poison resistance, cold-blooded, AC
+7
a: Breathe Noxious Fumes, End Transformation, Divine Energy, Renounce Religion


You were on level 7 of the Dungeon.
You worshipped Sif Muna.
Sif Muna was pleased with you.
You were very hungry.
You had blades for hands.
You visited 2 branches of the dungeon, and saw 8 of its levels.
You also visited: Ossuary.

You collected 293 gold pieces.

Inventory:

Missiles
 a - 462 arrows
 G - a throwing net {=f}
Armour
 p - a +0 pair of gloves
 x - a +0 pair of gloves
 D - a +0 pair of boots
Jewellery
 i - a +7 ring of intelligence {unknown}
 j - a ring of resist corrosion (left scythe-like blade)
 s - an uncursed ring of insulation {unknown}
 C - an uncursed ring of protection from magic {unknown}
Wands
 E - a wand of enslavement (8)
Scrolls
 b - 2 scrolls of teleportation {unknown}
 g - 9 scrolls of identify
 h - 3 scrolls of blinking {unknown}
 k - 4 scrolls of amnesia {unknown}
 m - 3 scrolls of magic mapping {unknown}
 o - 2 scrolls of remove curse {unknown}
 u - 2 scrolls of noise {unknown}
 v - a scroll of enchant armour {unknown}
 y - a scroll of enchant weapon {unknown}
 B - a scroll of torment {unknown}
 H - a scroll of immolation {unknown}
Potions
 c - 3 potions of lignification
 d - 7 potions of curing {unknown}
 f - 3 potions of heal wounds {unknown}
 l - 2 potions of mutation {unknown}
 n - 3 potions of degeneration {unknown}
 q - a potion of invisibility
 r - a potion of berserk rage
 t - a potion of might {unknown}
 w - 2 potions of agility {unknown}
 z - 2 potions of cancellation {unknown}
 A - 3 potions of flight {unknown}
Comestibles
 e - 11 rations {!d}


   Skills:
 - Level 4.8 Fighting
 - Level 4.1 Dodging
 - Level 5.2 Unarmed Combat
 + Level 5.7 Spellcasting
 * Level 8.6 Transmutations


You had 2 spell levels left.
You knew the following spells:

 Your Spells              Type           Power        Failure   Level  Hunger
a - Beastly Appendage     Tmut           ####..       12%         1    None
b - Spider Form           Tmut/Pois      ##.          43%         3    ##.....
c - Blade Hands           Tmut           ####......   54%         5    ######.
d - Ice Form              Ice/Tmut       ##......     71%         4    ####...
e - Passwall              Tmut/Erth      ##......     30%         2    None
f - Blink                 Tloc           N/A          69%         2    None

Your spell library contained the following spells:

 Spells                   Type           Power        Failure   Level  Hunger
 Sticks to Snakes         Tmut           ####....     13%         2    None
 Animate Skeleton         Necr           N/A          58%         1    None
 Magic Dart               Conj           #...         58%         1    None
 Pain                     Necr           #.....       58%         1    None
 Call Imp                 Summ           #.....       69%         2    None
 Swiftness                Chrm/Air       #.......     69%         2    None
 Conjure Flame            Conj/Fire      #.......     85%         3    ##.....
 Mephitic Cloud           Conj/Pois/Air  #.......     85%         3    ##.....
 Regeneration             Chrm/Necr      #.........   85%         3    ##.....
 Vampiric Draining        Necr           #.........   85%         3    ##.....
 Animate Dead             Necr           N/A          99%         4    ####...
 Throw Icicle             Conj/Ice       #.......     99%         4    ####...
 Bolt of Draining         Conj/Necr      #.........   100%        5    ######.
 Bolt of Cold             Conj/Ice       #.........   100%        6    #######


Dungeon Overview and Level Annotations

Branches:
Dungeon (7/12)             Temple (1/1) D:6
   Lair: D:7-9

Altars:
Ashenzari
Dithmenos
Fedhas
Gozag
Makhleb
Nemelex Xobeh
Ru
Sif Muna
Wu Jian
Xom
Yredelemnul

Annotations:
D:4 exclusion: oklob plant
D:6 3 runed translucent doors


Innate Abilities, Weirdness & Mutations

You can breathe blasts of noxious fumes.
Your lurid green scales are hard. (AC +7)
You cannot fit into any form of body armour.
Your system is resistant to poisons. (rPois)
You are cold-blooded and may be slowed by cold attacks.


Message History

Okay, then.
Okay, then.
Evoke which item? (* to show all) (? for menu, Esc to quit)
Okay, then.
Casting: Blade Hands (very dangerous; 54% risk of failure)
Confirm with . or Enter, or press ? or * to list all spells.
You miscast Blink.
You are very lightly contaminated with residual magic.
You feel a wrenching sensation. The troll closely misses you.
The troll claws you but does no damage. The troll barely misses you.
Something hits you.
* * * LOW HITPOINT WARNING * * *
Unknown command.
Okay, then.
Casting: Blink (safe; 69% risk of failure)
Confirm with . or Enter, or press ? or * to list all spells.
You miscast Blink.
The world appears momentarily distorted!
The troll misses you. The troll claws you.
You die...

....#.#........#..........#
...........##..#..........#######
)..........................#.##..
.................................
.....>..............†............
.....................###........#
...................####...#.....#
..####............## #....#.#....
...###.##....##.@{.#####..####.#.
#......##.......T...# #.## ####
#.......#...........# ###
#......##..........##
........#..........#
...................##
##..................###
####.............#....#
.###............####..#


You could see a troll.

Vanquished Creatures
  A hippogriff (D:5)
  Menkaure (D:7)
  A sky beast (D:4)
  An ice beast (D:5)
  2 black bears
  An ogre (D:4)
  2 big kobolds (D:7)
  6 bullfrogs
  Blork the orc (D:5)
  A scorpion (D:7)
  A water moccasin skeleton (D:7)
  3 killer bees
  5 crimson imps
  A bullfrog zombie (D:7)
  4 hounds
  A centaur skeleton (D:5)
  A jelly (D:7)
  2 bullfrog skeletons
  Jessica (D:2)
  2 iguanas
  A worker ant (D:7)
  12 mummies (Ossuary)
  3 gnolls (D:7)
  8 adders
  2 oozes
  An adder zombie (D:6)
  An adder skeleton (D:6)
  2 worms (D:3)
  4 dart slugs
  4 leopard geckos
  17 orcs
  2 ball pythons
  7 giant cockroaches
  4 goblins
  12 hobgoblins
  10 jackals
  5 quokkas
  5 bats
  2 frilled lizards
  3 gnoll skeletons (Ossuary)
  A jackal skeleton (D:4)
  4 kobolds
  3 kobold skeletons (Ossuary)
  A kobold zombie (D:6)
  2 orc skeletons (Ossuary)
  6 rats
  11 rat skeletons (Ossuary)
171 creatures vanquished.

Vanquished Creatures (others)
  The ghost of Morbidden the Thaumaturge, a novice AvAE of Okawaru (D:6)
  A bullfrog (D:6)
2 creatures vanquished.

Grand Total: 173 creatures vanquished

Notes
Turn   | Place    | Note
-------+----------+-------------------------------------------
     0 | D:1      | Adamkad1 the Draconian Transmuter began the quest for the
                  | Orb.
     0 | D:1      | Reached XP level 1. HP: 16/16 MP: 3/3
   291 | D:1      | Reached XP level 2. HP: 23/23 MP: 3/5
   498 | D:1      | Got a brightly glowing tin amulet
   933 | D:2      | Reached XP level 3. HP: 28/29 MP: 4/6
   967 | D:2      | Noticed Jessica
   990 | D:2      | Killed Jessica
   991 | D:2      | Reached skill level 3 in Transmutations
   991 | D:2      | Reached XP level 4. HP: 16/36 MP: 7/7
  1072 | D:2      | Identified the cursed amulet of Agihiorgh {Inacc MR- Dex+4}
                  | (You found it on level 1 of the Dungeon)
  1098 | D:3      | Found a sparkling altar of Nemelex Xobeh.
  1136 | D:2      | Learned a level 3 spell: Spider Form
  1363 | D:2      | Reached XP level 5. HP: 23/42 MP: 2/9
  1931 | D:3      | Found a shattered altar of Ashenzari.
  2197 | D:4      | Noticed a sky beast
  2210 | D:4      | Killed a sky beast
  2211 | D:4      | Reached skill level 4 in Transmutations
  2211 | D:4      | Reached XP level 6. HP: 5/51 MP: 1/10
  2780 | D:4      | Found a blossoming altar of Fedhas.
  2924 | D:4      | Your scales start taking on a lurid green colour.
  2924 | D:4      | Reached XP level 7. HP: 49/57 MP: 8/11
  2924 | D:4      | Gained mutation: Your system is resistant to poisons.
                  | (rPois) [Green Draconian growth]
  3434 | D:4      | Noticed an oklob plant
  3557 | D:5      | Entered Level 5 of the Dungeon
  3612 | D:5      | Noticed a hippogriff
  3624 | D:5      | Killed a hippogriff
  3625 | D:5      | Reached skill level 5 in Transmutations
  3714 | D:5      | Learned a level 5 spell: Blade Hands
  3719 | D:5      | Learned a level 4 spell: Ice Form
  3763 | D:5      | Noticed Blork the orc
  3774 | D:5      | Killed Blork the orc
  3949 | D:5      | Found a sacrificial altar of Ru.
  4155 | D:6      | Reached XP level 8. HP: 45/66 MP: 13/13
  4181 | D:6      | Found a runed translucent gate.
  4183 | D:6      | Found a runed translucent gate.
  4183 | D:6      | Found an opulent altar of Gozag.
  4184 | D:6      | Found a runed translucent gate.
  4184 | D:6      | Noticed an efreet
  4186 | D:6      | Noticed a centaur warrior
  4186 | D:6      | Noticed Morbidden's ghost (novice AvAE)
  4243 | D:6      | Found a sand-covered staircase.
  4261 | Ossuary  | Entered an ossuary
  4465 | Ossuary  | Reached skill level 6 in Transmutations
  4562 | Ossuary  | Reached skill level 5 in Unarmed Combat
  4622 | Ossuary  | Learned a level 2 spell: Passwall
  4844 | D:6      | Found a staircase to the Ecumenical Temple.
  4853 | Temple   | Entered the Ecumenical Temple
  4867 | Temple   | Became a worshipper of Sif Muna the Loreminder
  6231 | D:6      | Found a burning altar of Makhleb.
  6232 | D:6      | Found a shimmering altar of Xom.
  6674 | D:6      | Killed Morbidden's ghost
  6808 | D:7      | Reached * piety under Sif Muna
  6808 | D:7      | Reached skill level 7 in Transmutations
  6860 | D:7      | Reached skill level 5 in Spellcasting
  7013 | D:7      | Reached XP level 9. HP: 52/73 MP: 10/16
  7079 | D:7      | Reached ** piety under Sif Muna
  7087 | D:7      | Identified Sif Muna's Compendium of Cold and Protection
                  | (Sif Muna gifted it to you on level 7 of the Dungeon)
  7087 | D:7      | Received a gift from Sif Muna
  7087 | D:7      | Reached skill level 8 in Transmutations
  7110 | D:7      | Learned a level 2 spell: Blink
  7184 | D:7      | Noticed Menkaure
  7196 | D:7      | Killed Menkaure
  7238 | D:7      | Noticed a troll
  7294 | D:6      | HP: 5/109 [poisoned by a killer bee]
  7299 | D:6      | HP: 5/109 [poisoned by a killer bee]
  7697 | D:7      | HP: 1/73 [something (6)]
  7698 | D:7      | Slain by a troll

Skill      XL: |  1  2  3  4  5  6  7  8  9 |
---------------+----------------------------+-----
Dodging        | 2 3 4 |  4.1
Fighting       | 2 3 4 |  4.8
Transmutations | 3 4 5 7 8 |  8.6
Unarmed Combat | 4 5 |  5.2
Spellcasting   | 3 5 |  5.7

Action                   |  1- 3 |  4- 6 |  7- 9 || total
-------------------------+-------+-------+-------++-------
Melee: Unarmed           |    63 |   239 |   409 ||   711
       Kick              |     8 |    14 |    15 ||    37
       Headbutt          |     3 |    11 |    36 ||    50
       Tailslap          |     5 |     5 |    31 ||    41
       Punch             |     2 |     2 |     3 ||     7
 Cast: Beastly Appendage |    13 |    25 |    36 ||    74
       Spider Form       |       |     8 |    15 ||    23
       Blink             |       |       |     1 ||     1
       Blade Hands       |       |       |     1 ||     1
 Abil: End Transformatio |       |       |     1 ||     1
  Use: Scroll            |       |     2 |       ||     2
       Potion            |       |       |     1 ||     1
  Eat: Chunk             |     2 |    15 |    18 ||    35
       Ration            |       |       |     2 ||     2
Armor: Skin              |    18 |    44 |   107 ||   169
Dodge: Dodged            |    33 |   161 |   299 ||   493
